 Dungeon Crawl Stone Soup version bcrawl-1.40.3b (webtiles) character file.

Game seed: 2079738836115937163

384732 Finalfun the Severer (level 13, -12/98 HPs)
             Began as a Human Archaeologist on Mar 14, 2024.
             Was a High Priest of Zin.
             Mangled by a komodo dragon (17 damage)
             ... on level 2 of the Lair of Beasts.
             The game lasted 00:47:23 (13691 turns).

Finalfun the Severer (Human Archaeologist)         Turns: 13691, Time: 00:47:24

Health: -12/98     AC: 18    Str: 25    XL:     13   Next: 7%
Magic:  17/19      EV: 10    Int: 24    God:    Zin [*****.]
Gold:   456        SH:  0    Dex: 21    Spells: 12/12 levels left

rFire    . . .     GDR:     37% t - +3 war axe
rCold    . . .     SeeInvis .   (no shield)
rNeg     . . .     Gourm    .   r - +0 plate armour
rPois    ∞         Faith    .   B - +0 helmet
rElec    .         Spirit   .   s - +0 cloak
rCorr    .         Reflect  .   (no gloves)
MR       .....                  l - +1 pair of boots
Stlth    +.........             (no amulet)
HPRegen  0.26/turn              j - ring of stealth
MPRegen  0.16/turn              (no ring)

@: lethally poisoned (-12 -> -12), vitalised
A: no striking features
a: Recite, Vitalisation, Manna, Imprison, Sanctuary, Donate Gold, Renounce
Religion


You were on level 2 of the Lair of Beasts.
You worshipped Zin.
Zin was extremely pleased with you.
You were hungry.

You visited 3 branches of the dungeon, and saw 13 of its levels.
You also visited: Ossuary and Bailey.

You collected 662 gold pieces.
You spent 140 gold pieces at shops.
You donated 66 gold pieces to Zin.

Inventory:

Hand Weapons
 b - a +0 blowgun
 n - a +0 dagger
 t - a +3 war axe (weapon)
 u - a +0 spear
Missiles
 a - 1116 poisoned tomahawks (quivered)
 f - 6 curare-tipped needles
 m - 2915 stones
 o - 1002 bolts
 p - 111 poisoned needles
 L - 747 arrows
 M - 6 throwing nets {=f}
Armour
 l - a +1 pair of boots (worn)
 r - a +0 plate armour (worn)
 s - a +0 cloak (worn)
 B - a +0 helmet (worn)
Jewellery
 d - a +4 amulet of reflection {unknown}
 j - a ring of stealth (left hand)
 z - a +4 ring of intelligence
 N - the ring "Qehoij" {Ice Dex+4}
   (You found it on level 9 of the Dungeon)

   [ring of ice]

   It enhances your ice magic.
   It affects your dexterity (+4).
   It makes you vulnerable to fire.
   It protects you from cold.
Wands
 c - a wand of clouds (5)
 D - a wand of flame (43)
 G - a wand of paralysis (14)
Scrolls
 g - a scroll of silence {unknown}
 i - a scroll of identify
 k - a scroll of fear
 v - 2 scrolls of blinking
 x - 2 scrolls of fog
 y - 8 scrolls of teleportation
 E - 3 scrolls of amnesia
 H - 4 scrolls of revelation
 J - a scroll of noise
 P - a scroll of immolation
Potions
 q - 5 potions of magic
 w - a potion of resistance
 A - 3 potions of ambrosia
 F - 2 potions of flight
 I - a potion of invisibility
 O - 5 potions of curing
Comestibles
 e - 14 rations {!d}
 h - 4 chunks of flesh


   Skills:
 - Level 8.0 Fighting
 - Level 16.2(16.3) Axes
   Level 1.1(11.0) Maces & Flails
 - Level 8.0 Armour
 + Level 4.3 Dodging
 - Level 4.0 Stealth
 - Level 8.0 Invocations
 - Level 5.0 Evocations


You had 12 spell levels left.
You didn't know any spells.
Your spell library contained the following spells:

 Spells                   Type           Power        Failure   Level  Hunger
 Flame Tongue             Conj/Fire      #....        86%         1    None
 Slow                     Hex            #.......     86%         1    None
 Ensorcelled Hibernation  Hex/Ice        #.....       95%         2    ####...
 Flaming Arrows           Chrm/Fire      #.......     95%         2    ####...
 Confuse                  Hex            #.......     99%         3    #####..
 Conjure Flame            Conj/Fire      #.......     99%         3    #####..
 Dazzling Orbs            Conj/Hex       #......      99%         3    #####..
 Inner Flame              Hex/Fire       N/A          99%         3    #####..
 Tukima's Dance           Hex            #.......     99%         3    #####..
 Cause Fear               Hex            #.........   100%        4    ######.
 Sticky Flame             Conj/Fire      #.......     100%        4    ######.
 Tree Form                Hex/Tmut       N/A          100%        4    ######.
 Fireball                 Conj/Fire      #.........   100%        5    #######
 Statue Form              Tmut/Erth      #........    100%        6    #######
 Dragon Form              Tmut           #......      100%        7    #######
 Necromutation            Tmut/Necr      #.......     100%        8    #######


Dungeon Overview and Level Annotations

Branches:
Dungeon (9/12)             Temple (1/1) D:5            Lair (3/6) D:9
    Orc (0/1) D:8
  Swamp: Lair:2-4    Shoals: Lair:2-4     Snake: Lair:2-4    Spider: Lair:2-4

Altars:
Dithmenos
Elyvilon
Fedhas
Gozag
Hepliaklqana
Kikubaaqudgha
Lugonu
Okawaru
Qazlal
Sif Muna
Trog
Vehumet
Wu Jian
Xom
Yredelemnul
Zin
The Shining One

Shops:
D:6 =[   D:8 !

Annotations:
D:2 Sigmund
D:5 1 runed door
D:6 3 runed translucent doors, Strow's ghost, novice MiFi
D:8 exclusion: downstairs
D:9 exclusion: orange crystal statue


Message History

You need to enable at least one skill for training.
There are no items here.
Unknown command.
Throwing (i - inventory. (/) - cycle)
a - 1118 poisoned tomahawks (quivered)
Press: ? - help, Shift-Dir - straight line, f - komodo dragon
Aim: a komodo dragon (heavily wounded)
You throw a poisoned tomahawk.
The poisoned tomahawk hits the komodo dragon.
The komodo dragon is poisoned.
The komodo dragon is heavily wounded.
The komodo dragon bites you!!
* * * LOW HITPOINT WARNING * * *
Throwing (i - inventory. (/) - cycle)
a - 1117 poisoned tomahawks (quivered)
Press: ? - help, Shift-Dir - straight line, f/p - komodo dragon
Aim: a komodo dragon (heavily wounded, poisoned)
You throw a poisoned tomahawk.
The poisoned tomahawk hits the komodo dragon.
The komodo dragon is heavily wounded.
The komodo dragon bites you!
You die...

##.......<...####...#...........
#..............#..#.............
##...)............##.............
#.........##.....###.............
#........P.......# ##............
..............#..#####...........
#.....P............###...........
.........##.....#l....###........
##....P#.#......@##..## ###......
....####.........###..### ####...
...####P.........P.##...## #.#.
####..PP...........##....### ####
# ##.............#####....## #
#.............# ##....## ##
##.<.........## ##....#### .#
#...........# #.#....... ##
#..#####P#### #.....##..


You could see a komodo dragon.

Vanquished Creatures
  A hydra (Lair:1)
  Harold (Lair:1)
  A wolf spider zombie (D:9)
  Pikel (D:4)
  An orc knight (Bailey)
  4 cane toads (Lair:2)
  A black mamba (Lair:1)
  A rime drake (Lair:2)
  A komodo dragon (Lair:2)
  4 trolls
  4 blink frogs (Lair:2)
  3 hippogriffs
  Grum (Lair:1)
  14 yaks
  Eustachio (D:5)
  A hungry ghost (D:7)
  3 crocodiles
  2 water moccasins
  4 porcupines
  3 slaves (D:4)
  A hornet zombie (D:9)
  2 ice beasts
  An orc warrior (D:9)
  A necrophage (D:7)
  7 wolves
  6 ogres
  8 bullfrogs
  2 kobold brigands (D:8)
  A water moccasin zombie (Ossuary)
  A wyvern skeleton (D:9)
  2 centaurs (D:9)
  4 scorpions
  11 killer bees
  3 wights (D:7)
  3 electric eels (D:9)
  2 howler monkeys (D:4)
  4 orc priests
  3 crimson imps
  A quasit (D:7)
  6 bullfrog zombies (Ossuary)
  2 jellies
  2 bullfrog skeletons
  7 hounds
  Jessica (D:2)
  An iguana (D:7)
  2 orc wizards
  6 worker ants
  3 killer bee zombies (Ossuary)
  2 hound zombies
  16 mummies (Ossuary)
  2 howler monkey zombies (Ossuary)
  17 gnolls
  2 worker ant zombies
  7 adders
  A howler monkey skeleton (D:5)
  A shadow imp (D:7)
  2 oozes
  3 adder skeletons
  7 adder zombies
  A dart slug (D:3)
  2 leopard geckos
  42 orcs
  4 bats
  4 goblins
  16 hobgoblins
  9 jackals
  A quokka (D:3)
  3 ball pythons
  A frilled lizard (D:2)
  A jackal zombie (D:5)
  14 kobolds
  3 quokka zombies (Ossuary)
  3 rats
  5 fungi (Lair:1)
  A plant (Lair:1)
  A withered plant (Ossuary)
316 creatures vanquished.

Vanquished Creatures (others)
  A hound (D:9)
  2 withered plants (Ossuary)
3 creatures vanquished.

Grand Total: 319 creatures vanquished

Notes
Turn   | Place    | Note
-------+----------+-------------------------------------------
     0 | D:1      | Finalfun the Human Archaeologist began the quest for the
                  | Orb.
     0 | D:1      | Reached XP level 1. HP: 15/15 MP: 1/1
   158 | D:1      | Reached XP level 2. HP: 21/21 MP: 2/2
  1207 | D:2      | Reached XP level 3. HP: 26/26 MP: 3/3
  1508 | D:2      | Noticed Jessica
  1556 | D:2      | Killed Jessica
  1557 | D:2      | Reached XP level 4. HP: 23/34 MP: 4/4
  1638 | D:2      | Noticed Sigmund
  3029 | D:3      | Reached XP level 5. HP: 41/41 MP: 5/5
  3029 | D:3      | Identified a scroll of acquirement
  3036 | D:3      | Identified the +1 chain mail of Qazlal's Anger {MR++ Dex-3}
                  | (You acquired it on level 3 of the Dungeon)
  3036 | D:3      | Identified the ring of Jupugosi {+Fly Stlth+} (You acquired
                  | it on level 3 of the Dungeon)
  3349 | D:4      | Found a glowing golden altar of the Shining One.
  3404 | D:4      | Reached skill level 1 in Evocations
  3669 | D:4      | Got a distressingly furry robe
  3745 | D:4      | Noticed an ogre
  3774 | D:4      | Noticed a slave
  3774 | D:4      | Noticed a slave
  3873 | D:4      | Noticed a slave
  3874 | D:4      | Noticed a slave
  3883 | D:4      | Killed a slave
  3883 | D:4      | Killed a slave
  3884 | D:4      | Killed a slave
  3888 | D:4      | Noticed Pikel
  3896 | D:4      | Killed Pikel
  3897 | D:4      | Reached skill level 5 in Evocations
  3897 | D:4      | Reached skill level 4 in Axes
  3897 | D:4      | Reached XP level 6. HP: 40/48 MP: 6/9
  3897 | D:4      | Reached XP level 7. HP: 45/54 MP: 6/10
  4094 | D:5      | Entered Level 5 of the Dungeon
  4094 | D:5      | Noticed Eustachio
  4112 | D:5      | Killed Eustachio
  4113 | D:5      | Reached skill level 5 in Axes
  4113 | D:5      | Reached XP level 8. HP: 59/60 MP: 11/11
  4116 | D:5      | Reached skill level 6 in Axes
  4164 | D:5      | Found a staircase to the Ecumenical Temple.
  4567 | D:4      | Reached skill level 7 in Axes
  4909 | D:4      | Identified the +0 robe "Yddemed" {*Slow rC+++ rCorr} (You
                  | found it on level 4 of the Dungeon)
  5246 | D:5      | Noticed an angel
  5256 | D:5      | Reached skill level 8 in Axes
  5319 | Temple   | Entered the Ecumenical Temple
  5372 | Temple   | Became a worshipper of Zin the Law-Giver
  5372 | Temple   | Reached * piety under Zin
  5444 | D:5      | Reached ** piety under Zin
  5495 | D:5      | Reached skill level 1 in Invocations
  5573 | D:5      | Found a white marble altar of Elyvilon.
  5573 | D:5      | Found a runed door.
  5608 | D:5      | Reached XP level 9. HP: 65/65 MP: 12/12
  5956 | D:6      | Found Mompuh's Armour Shoppe.
  6005 | D:6      | Found a glowing silver altar of Zin.
  6093 | D:6      | Found a runed translucent gate.
  6093 | D:6      | Found a runed translucent gate.
  6093 | D:6      | Found a runed translucent gate.
  6096 | D:6      | Noticed Strow's ghost (novice MiFi)
  6097 | D:6      | Identified the +9 morningstar of Distant Worlds {crush,
                  | *Noise *Slow +Blink rN+++}
  6099 | D:6      | Found a roughly hewn altar of Beogh.
  6239 | D:6      | Reached *** piety under Zin
  6267 | D:6      | Found Huyficaw's Jewellery Shoppe.
  6272 | D:6      | Reached skill level 9 in Axes
  6376 | D:6      | Found a shimmering altar of Xom.
  6384 | D:6      | Found a white marble altar of Elyvilon.
  6388 | D:6      | Found a corrupted altar of Lugonu.
  6753 | D:7      | Noticed a troll
  6774 | D:7      | HP: 3/65 [troll (7)]
  6774 | D:7      | Zin protects you from harm!
  6777 | D:7      | Killed a troll
  6778 | D:7      | Reached skill level 5 in Invocations
  6904 | D:7      | Found a flagged portal.
  6912 | D:7      | Got a jewelled hand axe
  6915 | Bailey   | Entered a bailey
  7104 | Bailey   | Reached skill level 10 in Axes
  7199 | Bailey   | Noticed an orc knight
  7207 | Bailey   | HP: 2/65 [gnoll/cursed +0 halberd (8)]
  7299 | Bailey   | Killed an orc knight
  7530 | Bailey   | Reached skill level 11 in Axes
  7742 | D:7      | Reached XP level 10. HP: 56/71 MP: 13/13
  8018 | D:7      | Reached skill level 12 in Axes
  8579 | D:8      | Found an ancient bone altar of Kikubaaqudgha.
  8589 | D:8      | Found a sand-covered staircase.
  8597 | Ossuary  | Entered an ossuary
  8675 | Ossuary  | Reached **** piety under Zin
  8676 | Ossuary  | Reached skill level 13 in Axes
  8927 | Ossuary  | Reached skill level 16 in Axes
  8927 | Ossuary  | Reached XP level 11. HP: 75/75 MP: 14/14
  8960 | D:8      | Found Remuzet's Distillery.
  8967 | D:8      | Bought a potion of curing for 35 gold pieces
  8967 | D:8      | Bought a potion of curing for 35 gold pieces
  8967 | D:8      | Bought a potion of curing for 35 gold pieces
  8967 | D:8      | Bought a potion of curing for 35 gold pieces
  9138 | D:8      | Reached ***** piety under Zin
  9295 | D:8      | Found an iron altar of Okawaru.
  9424 | D:8      | Found a staircase to the Orcish Mines.
  9434 | D:8      | Found a roughly hewn altar of Beogh.
  9719 | D:9      | Noticed an orange crystal statue
  9721 | D:9      | Noticed a two-headed ogre
  9806 | D:9      | Reached skill level 5 in Fighting
  9946 | D:9      | Got a glittering glass ring
 10304 | D:9      | Reached XP level 12. HP: 32/88 MP: 12/15
 10382 | D:9      | Found a staircase to the Lair.
 10732 | D:9      | Found an ornate altar of the Wu Jian Council.
 10771 | D:9      | Found a radiant altar of Vehumet.
 11082 | Lair:1   | Entered Level 1 of the Lair of Beasts
 11242 | Lair:1   | Identified the +5 hand axe "Voday" {chop, -Tele Int+4
                  | Dex+7} (You found it on level 7 of the Dungeon)
 11243 | Lair:1   | Identified the cursed ring "Qehoij" {Ice Dex+4} (You found
                  | it on level 9 of the Dungeon)
 11319 | Lair:1   | Reached skill level 1 in Armour
 11409 | Lair:1   | Noticed a seven-headed hydra
 11420 | Lair:1   | Killed a seven-headed hydra
 11587 | Lair:1   | Noticed Grum
 11602 | Lair:1   | Killed Grum
 11613 | Lair:1   | Reached skill level 5 in Armour
 11717 | Lair:1   | Noticed Harold
 11741 | Lair:1   | Paralysed by Harold for 2 turns
 11743 | Lair:1   | Killed Harold
 13016 | Lair:2   | Reached XP level 13. HP: 32/98 MP: 16/18
 13690 | Lair:2   | HP: 4/98 [komodo dragon (25)]
 13691 | Lair:2   | Mangled by a komodo dragon

Skill      XL: |  1  2  3  4  5  6  7  8  9 10 11 12 13 |
---------------+----------------------------------------+-----
Stealth        | 4 |  4.0
Dodging        | 4 |  4.3
Fighting       | 2 3 4 6 8 |  8.0
Evocations     | 5 |  5.0
Axes           | 4 5 8 11 16 | 16.2
Invocations    | 2 5 7 8 |  8.0
Armour         | 8 |  8.0
Maces & Flails | |  1.1

Action                   |  1- 3 |  4- 6 |  7- 9 | 10-12 | 13-15 || total
-------------------------+-------+-------+-------+-------+-------++-------
Melee: Whip              |    47 |       |       |       |       ||    47
       Dagger            |    62 |   242 |    81 |       |       ||   385
       War axe           |       |       |   253 |   637 |    32 ||   922
Throw: Stone             |     6 |    14 |     6 |       |       ||    26
       Tomahawk          |       |       |    51 |    85 |    10 ||   146
Invok: Vitalisation      |       |       |     3 |    12 |     1 ||    16
       Recite            |       |       |     3 |     3 |       ||     6
       Manna             |       |       |     1 |       |       ||     1
Evoke: Wand              |       |     1 |     4 |     4 |       ||     9
  Use: Potion            |     4 |     1 |     5 |     9 |       ||    19
       Scroll            |       |     5 |    10 |    14 |       ||    29
 Stab: Sleeping          |     1 |     9 |    10 |    10 |       ||    30
       Distracted        |       |       |       |     2 |       ||     2
  Eat: Chunk             |     3 |    14 |    11 |    27 |     3 ||    58
       Ration            |       |       |     7 |     1 |       ||     8
Armor: Robe              |    40 |     5 |       |       |       ||    45
       Scale mail        |       |    68 |   104 |       |       ||   172
       Troll leather arm |       |       |    31 |   173 |       ||   204
       Plate armour      |       |       |       |    35 |    16 ||    51
Dodge: Dodged            |    89 |   126 |   278 |   383 |     9 ||   885
